 Dungeon Crawl Stone Soup version 0.31.0-11-ge490571c62 (webtiles) character file.

Game seed: 2936427905315782371

31309 noir2mars the Spear-Bearer (level 13, -2/148 HPs)
             Began as a Human Reaver on Jan 30, 2024.
             Was an Elder of Qazlal.
             Killed from afar by a tengu conjurer (3 damage)
             ... with a bolt of lightning
             ... on level 14 of the Dungeon.
             The game lasted 02:18:22 (26306 turns).

noir2mars the Spear-Bearer (Human Reaver)          Turns: 26306, Time: 02:18:23

Health: -2/148     AC: 26    Str: 16    XL:     13   Next: 57%
Magic:  16/16      EV:  2    Int: 15    God:    Qazlal [****..]
Gold:   785        SH: 18    Dex: 18    Spells: 15/16 levels left

rFire   . . .        k - +2 scimitar (flame)
rCold   . . .        C - +0 kite shield
rNeg    . . .        U - melded +0 plate armour
rPois   +            s - melded +0 helmet
rElec   .            K - melded +1 cloak
rCorr   .            j - melded +0 pair of gloves
SInv    .            (boots currently unavailable)
Will    .....        X - amulet of regeneration
Stlth   +            n - ring of poison resistance
HPRegen 1.24/turn    H - +6 ring of dexterity
MPRegen 0.15/turn

%: repel missiles
@: tree-form
A: stationary, stasis, torment immunity, boosted hp, explore regen
a: Renounce Religion, Upheaval, Elemental Force


You were on level 14 of the Dungeon.
You worshipped Qazlal.
Qazlal was greatly pleased with you.
You were a tree.
You visited 1 branch of the dungeon, and saw 15 of its levels.

You collected 1205 gold pieces.
You spent 420 gold pieces at shops.

Inventory:

Hand Weapons
 b - a +2 vampiric dagger
 k - a +2 scimitar of flaming (weapon)
 z - a +4 trident of draining
 R - a +2 hand axe of electrocution
Armour
 g - an orb of mayhem
 j - a +0 pair of gloves (melded)
 s - a +0 helmet (melded)
 B - a +0 troll leather armour
 C - a +0 kite shield (worn)
 K - a +1 cloak (melded)
 M - an orb of guile
 N - a +2 robe of fire resistance
 U - a +0 plate armour (melded)
 W - +0 steam dragon scales
Magical Staves
 c - a staff of alchemy
 q - a staff of cold
Jewellery
 e - a ring of flight
 n - a ring of poison resistance (left branch)
 F - a ring of magical power
 H - a +6 ring of dexterity (right branch)
 O - a ring of poison resistance
 X - an amulet of regeneration (around neck)
Talismans
 L - a flux talisman
 S - a storm talisman
 Z - a blade talisman
Scrolls
 a - a scroll of silence {unknown}
 f - 2 scrolls of brand weapon {unknown}
 l - 2 scrolls of noise
 m - a scroll of identify
 o - 3 scrolls of poison
 p - 3 scrolls of enchant armour
 u - 2 scrolls of butterflies
 v - 5 scrolls of teleportation
 A - 2 scrolls of amnesia
 D - a scroll of enchant weapon {unknown}
 E - 2 scrolls of immolation {unknown}
 J - a scroll of vulnerability {unknown}
Potions
 d - 2 potions of curing
 h - 3 potions of mutation
 i - 2 potions of attraction
 x - a potion of might
 G - 2 potions of magic
 P - a potion of berserk rage {unknown}
 T - 3 potions of enlightenment
 Y - 2 potions of brilliance


   Skills:
 + Level 8.4 Fighting
 + Level 5.8(6.4) Short Blades
 + Level 4.1(5.5) Long Blades
 + Level 11.8 Polearms
 + Level 2.5 Throwing
 + Level 10.1 Armour
 + Level 4.5 Dodging
 + Level 2.4 Stealth
 + Level 11.7 Shields
 + Level 2.0 Spellcasting
 + Level 3.4 Conjurations
 + Level 2.4 Evocations


You had 15 spell levels left.
You knew the following spells:

 Your Spells              Type           Power      Damage    Failure   Level
a - Kiss of Death         Conj/Necr      24%        2d7       22%         1

Your spell library contained the following spells:

 Spells                   Type           Power      Damage    Failure   Level
 Momentum Strike          Conj/Tloc      12%        3d8       32%         2
 Necrotise                Necr           4%         1d4       41%         1
 Sandblast                Erth           2%         2d4       41%         1
 Lesser Beckoning         Tloc           2%         N/A       54%         2
 Dazzling Flash           Conj/Hex       12%        N/A       54%         3
 Hailstorm                Conj/Ice       6%         3d5       54%         3
 Stone Arrow              Conj/Erth      12%        3d7       54%         3
 Gell's Gravitas          Tloc           1%         N/A       78%         3
 Passwall                 Erth           1%         N/A       78%         3
 Teleport Other           Tloc           1%         N/A       78%         3
 Vampiric Draining        Necr           1%         2d6       78%         3
 Volatile Blastmotes      Fire/Tloc      2%         2d10      78%         3
 Brom's Barrelling Bould  Conj/Erth      6%         2d3       91%         4
 Fulminant Prism          Conj/Alch      3%         3d5       91%         4
 Iskenderun's Mystic Bla  Conj/Tloc      6%         2d4       91%         4
 Iskenderun's Battlesphe  Conj           11%        2d7       96%         5
 Martyr's Knell           Necr/Summ      1%         N/A       99%         4
 Fireball                 Conj/Fire      3%         3d4       99%         5
 Curse of Agony           Necr           1%         N/A       100%        5
 Conjure Ball Lightning   Conj/Air       3%         3x3d6     100%        6
 Starburst                Conj/Fire      3%         6d3       100%        6
 Orb of Destruction       Conj           5%         9d5       100%        7
 Maxwell's Capacitive Co  Air            0%         ∞         100%        8


Dungeon Overview and Level Annotations

Branches:
Dungeon (15/15)            Temple (0/1) D:4            Lair (0/5) D:10
    Orc (0/2) D:9
 Vaults: D:13-14     Depths: D:15

Altars:
Ashenzari
Cheibriados
Elyvilon
Gozag
Hepliaklqana
Kikubaaqudgha
Okawaru
Qazlal
Ru
Vehumet
Wu Jian
Xom

Shops:
D:6 **   D:7 =**   D:10 *

Portals:
Abyss: D:7

Annotations:
D:7 2 transporters, Scuka's ghost, novice DrCj


Innate Abilities, Weirdness & Mutations

You are a tree.
Your roots penetrate the ground, keeping you stationary.
You cannot be teleported.
You are immune to unholy pain and torment.
Your maximum health is greatly increased.
Your equipment is partially melded.
You regain HP and MP as you explore.


Message History

The six-headed hydra bites you.
* * * LOW HITPOINT WARNING * * *
You block the six-headed hydra's attack.
The six-headed hydra bites you but does no damage.
You block the six-headed hydra's attack. x2
The six-headed hydra bites you but does no damage. x2
The six-headed hydra bites you!
* * * LOW HITPOINT WARNING * * *
The six-headed hydra barely misses you. x2
The six-headed hydra bites you but does no damage. x2
The tengu conjurer completely misses you.
The tengu conjurer pecks you but does no damage.
The tengu conjurer claws you but does no damage.
Unknown command.
The six-headed hydra barely misses you.
You block the six-headed hydra's attack. x2
The six-headed hydra bites you but does no damage.
You block the six-headed hydra's attack.
The six-headed hydra bites you.
* * * LOW HITPOINT WARNING * * *
The tengu conjurer hits you but does no damage.
The tengu conjurer pecks you but does no damage.
The tengu conjurer claws you.
* * * LOW HITPOINT WARNING * * *
You turn into a tree.
Your +1 cloak melds into your body.
Your +0 helmet melds into your body.
Your +0 pair of gloves melds into your body.
Your +0 plate armour melds into your body.
Your roots penetrate the ground.
You feel strangely stable.
The six-headed hydra bites you but does no damage.
The six-headed hydra bites you.
* * * LOW HITPOINT WARNING * * *
You block the six-headed hydra's attack. x2
The six-headed hydra bites you.
* * * LOW HITPOINT WARNING * * *
You block the six-headed hydra's attack.
The tengu conjurer is engulfed in blazing flames.
The tengu conjurer gestures at you while chanting.
The bolt of lightning hits you.
You die...

### #>#############
#.*D.○.........
#.Q♣°..######## .
#####.####.### ..
#......#.##..# ## #
...
#.##...##.#..##.#..#
.D..
#.#####....##....#
..... #.#
##..##.#..##.#
......#.#
#.#.##..#.##
.Q....'.#
###....##...
......###
#..#.##..#.##


You could see a six-headed hydra, a tengu conjurer and a battlesphere
(distracted).

Vanquished Creatures
  Josephine (D:15)
  Erica (D:8)
  3 boulder beetles
  An ogre mage (D:15)
  8 two-headed ogres
  A tengu warrior (D:14)
  5 centaur warriors
  A salamander mystic (D:15)
  An arcanist (D:13)
  An orc knight (D:15)
  2 ugly things (D:13)
  Maurice (D:8)
  A gargoyle (D:13)
  Jeremiah (D:6)
  5 kobold demonologists
  An efreet (D:15)
  A tengu conjurer (D:13)
  A komodo dragon (D:12)
  6 trolls
  A hornet (D:7)
  Grinder (D:5)
  A raiju (shapeshifter) (D:14)
  5 slime creatures (D:15)
  Sigmund (D:6)
  A shadow (D:11)
  7 wraiths
  11 yaks
  2 vampires (D:13)
  2 basilisks
  Grum (D:8)
  A steam dragon (D:8)
  12 vampire mosquitoes
  3 acid dragons
  5 black bears
  6 orc warriors
  A sky beast (D:6)
  An ogre (D:6)
  A black bear (shapeshifter) (D:15)
  4 boggarts (D:15)
  4 wolves
  8 centaurs
  2 phantoms (D:5)
  5 kobold brigands
  A bullfrog (D:7)
  A scorpion (D:6)
  6 wights (D:8)
  14 killer bees
  11 howler monkeys
  A vampire bat (D:6)
  An electric eel (D:6)
  5 hounds
  12 orc priests
  2 jellies
  4 sleepcaps
  5 iguanas
  16 orc wizards
  2 hound zombies (D:4)
  3 hound skeletons (D:4)
  4 adders
  A white imp (D:7)
  2 ufetubi (D:6)
  2 adder skeletons (D:4)
  An adder zombie (D:4)
  4 dart slugs
  A ribbon worm (D:2)
  58 orcs
  5 ball pythons
  6 bats
  4 bat skeletons (D:6)
  2 bat zombies (D:6)
  3 endoplasms
  5 giant cockroaches
  4 goblins
  8 hobgoblins
  4 jackals (D:3)
  A quokka (D:3)
  4 frilled lizards
  22 kobolds
  5 rats
358 creatures vanquished.

Vanquished Creatures (collateral kills)
  An orc (D:3)
1 creature vanquished.

Grand Total: 359 creatures vanquished

Notes
Turn   | Place    | Note
-------+----------+-------------------------------------------
     0 | D:1      | noir2mars the Human Reaver began the quest for the Orb.
     0 | D:1      | Reached XP level 1. HP: 16/16 MP: 3/3
   142 | D:1      | Reached XP level 2. HP: 22/22 MP: 5/5
   582 | D:1      | Reached XP level 3. HP: 27/27 MP: 6/6
  1375 | D:2      | Reached XP level 4. HP: 31/33 MP: 7/7
  1420 | D:2      | Found a faded altar of an unknown god.
  1585 | D:3      | Reached skill level 1 in Armour
  1872 | D:2      | Reached skill level 1 in Short Blades
  1872 | D:2      | Reached XP level 5. HP: 24/39 MP: 8/8
  3847 | D:4      | Found a stormy altar of Qazlal.
  3858 | D:4      | Became a worshipper of Qazlal Stormbringer
  4067 | D:4      | Reached XP level 6. HP: 46/46 MP: 9/9
  4404 | D:4      | Found a staircase to the Ecumenical Temple.
  4868 | D:4      | Reached skill level 1 in Shields
  5036 | D:5      | Entered Level 5 of the Dungeon
  6260 | D:4      | Reached XP level 7. HP: 46/51 MP: 10/10
  7566 | D:6      | Reached * piety under Qazlal
  7659 | D:6      | Noticed Sigmund
  7676 | D:6      | Killed Sigmund
  7677 | D:6      | Reached XP level 8. HP: 55/60 MP: 11/11
  7701 | D:6      | Found a sacrificial altar of Ru.
  7829 | D:6      | Reached skill level 1 in Throwing
  7865 | D:6      | Found Seucw's General Store.
  7866 | D:6      | Found Hamoug's Specific Store.
  7881 | D:6      | Noticed Grinder
  7881 | D:6      | Paralysed by Grinder for 4 turns
  7898 | D:6      | Paralysed by Grinder for 4 turns
  7917 | D:6      | Paralysed by Grinder for 2 turns
  7948 | D:6      | Paralysed by Grinder for 5 turns
  7958 | D:6      | Paralysed by Grinder for 4 turns
  7987 | D:6      | Noticed Jeremiah
  8679 | D:5      | Reached skill level 5 in Short Blades
  9559 | D:6      | Paralysed by Grinder for 3 turns
  9587 | D:5      | Killed Grinder
  9588 | D:5      | Reached skill level 5 in Armour
 10256 | D:6      | Reached XP level 9. HP: 48/65 MP: 12/12
 10464 | D:6      | Reached skill level 1 in Stealth
 11067 | D:6      | Killed Jeremiah
 11068 | D:6      | Reached skill level 5 in Shields
 11459 | D:6      | Found an ancient bone altar of Kikubaaqudgha.
 11707 | D:7      | Found Pautaol's Jewellery Shoppe.
 11707 | D:7      | Found Xeobeguohoe's Assorted Antiques.
 11707 | D:7      | Found Menoig's General Store.
 11710 | D:7      | Noticed a hornet
 11720 | D:7      | Bought an amulet of regeneration for 420 gold pieces
 11774 | D:7      | Noticed a kobold demonologist
 11794 | D:7      | Noticed a sixfirhy
 11797 | D:7      | Killed a kobold demonologist
 11798 | D:7      | Reached skill level 1 in Polearms
 11840 | D:7      | Found a shimmering altar of Xom.
 12059 | D:7      | Noticed a toenail golem
 12063 | D:7      | Noticed an orange demon
 12108 | D:7      | Found a transporter.
 12116 | D:7      | Found a transporter.
 12118 | D:7      | Found a one-way gate to the infinite horrors of the Abyss.
 12118 | D:7      | Noticed Scuka's ghost (novice DrCj)
 12150 | D:7      | Killed a hornet
 12292 | D:7      | Found a white marble altar of Elyvilon.
 13451 | D:8      | Noticed Erica
 13636 | D:8      | Reached XP level 10. HP: 31/73 MP: 13/13
 13893 | D:8      | Killed Erica
 14528 | D:8      | Noticed Maurice
 14891 | D:8      | Something stole a storm talisman
 14905 | D:8      | Killed Maurice
 14932 | D:8      | Reached skill level 5 in Polearms
 14985 | D:8      | Noticed Grum
 15016 | D:7      | Reached skill level 5 in Fighting
 15070 | D:8      | Killed Grum
 15259 | D:8      | Reached ** piety under Qazlal
 15482 | D:8      | Found a hazy altar of Hepliaklqana.
 16782 | D:9      | Found an iron altar of Okawaru.
 16782 | D:9      | Found a radiant altar of Vehumet.
 16784 | D:9      | Found a broken altar of Ashenzari.
 16791 | D:9      | Found a snail-covered altar of Cheibriados.
 16869 | D:9      | Reached XP level 11. HP: 65/81 MP: 14/14
 16906 | D:9      | Found a staircase to the Orcish Mines.
 17013 | D:9      | Found an opulent altar of Gozag.
 17327 | D:10     | Entered Level 10 of the Dungeon
 17384 | D:10     | Reached *** piety under Qazlal
 17772 | D:10     | Found Orghoph's Assorted Antiques.
 17779 | D:10     | Noticed a two-headed ogre
 17803 | D:10     | Killed a two-headed ogre
 17974 | D:10     | Noticed a two-headed ogre
 17976 | D:10     | Noticed a two-headed ogre
 18263 | D:10     | Killed a two-headed ogre
 18272 | D:10     | Killed a two-headed ogre
 18687 | D:10     | Found a staircase to the Lair.
 19201 | D:11     | Found an ornate altar of the Wu Jian Council.
 19313 | D:11     | Reached **** piety under Qazlal
 20156 | D:12     | Noticed a boulder beetle
 20444 | D:12     | Reached XP level 12. HP: 83/89 MP: 15/15
 20448 | D:12     | Reached skill level 1 in Evocations
 20595 | D:11     | Killed a boulder beetle
 21850 | D:13     | Noticed a centaur warrior
 21988 | D:12     | Killed a centaur warrior
 22175 | D:13     | Reached skill level 10 in Shields
 22239 | D:13     | Noticed a centaur warrior
 22261 | D:13     | Killed a centaur warrior
 22281 | D:12     | Reached skill level 10 in Polearms
 22643 | D:13     | Noticed a centaur warrior
 22659 | D:13     | Killed a centaur warrior
 22818 | D:13     | Noticed a catoblepas
 22831 | D:13     | Noticed a boulder beetle
 22841 | D:13     | Noticed a boulder beetle
 22848 | D:13     | Killed a boulder beetle
 23834 | D:13     | Killed a boulder beetle
 24238 | D:13     | You fall into a shaft and drop 2 floors!
 24238 | D:15     | Entered Level 15 of the Dungeon
 24249 | D:15     | Noticed a tengu warrior
 24265 | D:15     | Noticed an ogre mage
 24265 | D:15     | Noticed a two-headed ogre
 24266 | D:15     | Noticed a two-headed ogre
 24267 | D:15     | Noticed a two-headed ogre
 24275 | D:15     | Noticed a two-headed ogre
 24420 | D:15     | Noticed a centaur warrior
 24422 | D:15     | Noticed Josephine
 24437 | D:15     | Killed a centaur warrior
 24438 | D:15     | Reached XP level 13. HP: 98/98 MP: 16/16
 24457 | D:15     | Killed Josephine
 25325 | D:15     | Reached skill level 10 in Armour
 26278 | D:15     | Noticed a dire elephant
 26305 | D:14     | HP: 4/99 [tengu conjurer (1)]
 26306 | D:14     | HP: 1/148 [six-headed hydra (3)]
 26306 | D:14     | Killed from afar by a tengu conjurer

Illustrated notes

Levels and vault maps discovered:
D:1:      dpeg_arrival_three_same_balls, layout_basic
D:2:      layout_basic, dreamdust_ecumenical_altar_sealed_demon
D:3:      layout_basic
D:4:      layout_loops_cross, mainiacjoe_overflow_alcove_1,
          minmay_temple_entry_statues_pillars,
          mainiacjoe_ossuary_entry_find_the_door,
          serial_library_hellmonk_open_cross
D:5:      layout_loops_ring
D:6:      layout_basic, kennysheep_vampire_church, amcnicky_altar_gilded,
          serial_bayou_pond_b, nicolae_specific_store, uniq_sigmund,
          uniq_grinder, uniq_jeremiah
D:7:      layout_rooms, lemuel_doored_altar,
          mainiacjoe_overflow_concentric_impassable,
          gammafunk_ghost_abyssal_escape, nicolae_shop_distant_corner_stores,
          due_unseen_surprise
D:8:      layout_cave_pools, nicolae_hepliaklqana_hippocampus,
          kennysheep_generic_room_4, uniq_grum, uniq_maurice, uniq_erica
D:9:      layout_roguey, mainiacjoe_overflow_alcove_4,
          nicolae_overflow_quartered_altars, hiddenorc1_lemuel,
          dreamdust_wishing_well
D:10:     layout_basic, grunt_lair_entry_orc_guard_hut, serial_shops,
          nicolae_shop_pleasant_corner_grove, serial_corexii_hall,
          corexii_hall_statues_l, corexii_hall_statues_s
D:11:     layout_loops_ring, nzn_wu_jian_contemplation
D:12:     layout_small_grid
D:13:     layout_layer_cave, hellmonk_vaults_keyhole,
          minmay_fractal_squares_diagonal_5
D:14:     layout_basic, nicolae_eternal_life, hangedman_decor_clover_reticule
D:15:     hangedman_depths_entry_try_elsewhere_first, layout_gridville,
          grunt_decor_cap, vehumet_crystals, uniq_josephine

Skill      XL: |  1  2  3  4  5  6  7  8  9 10 11 12 13 |
---------------+----------------------------------------+-----
Long Blades    | 4 |  4.1
Armour         | 1 2 3 5 6 7 8 9 10 | 10.1
Short Blades   | 1 2 3 4 5 |  5.8
Shields        | 1 2 4 6 7 9 11 | 11.7
Fighting       | 3 4 5 6 7 8 |  8.4
Dodging        | 3 4 |  4.5
Throwing       | 1 2 |  2.5
Stealth        | 1 2 |  2.4
Polearms       | 3 6 9 10 11 | 11.8
Evocations     | 2 |  2.4
Spellcasting   | |  2.0
Conjurations   | |  3.4

Action                     |  1- 3 |  4- 6 |  7- 9 | 10-12 | 13-15 || total
---------------------------+-------+-------+-------+-------+-------++-------
  Melee: Falchion          |    72 |       |       |       |       ||    72
         Short sword       |    41 |   385 |   314 |       |       ||   740
         Trident           |       |       |   120 |   867 |   193 ||  1180
         Scimitar          |       |       |       |       |     4 ||     4
  Throw: Dart              |       |       |    30 |     4 |       ||    34
         Javelin           |       |       |     2 |       |       ||     2
 Invoke: Upheaval          |       |       |       |     1 |       ||     1
  Evoke: Wand              |       |       |       |    37 |       ||    37
    Use: Potion            |       |     2 |     6 |     6 |     2 ||    16
         Scroll            |       |       |     1 |    16 |     3 ||    20
   Stab: Invisible         |       |       |       |     7 |       ||     7
 Armour: Leather armour    |     8 |       |       |       |       ||     8
         Scale mail        |    36 |       |       |       |       ||    36
         Ring mail         |     5 |       |       |       |       ||     5
         Chain mail        |    32 |   398 |   323 |       |       ||   753
         Plate armour      |       |       |    44 |   774 |   171 ||   989
         Skin              |       |       |     2 |       |     4 ||     6
  Dodge: Dodged            |    47 |   131 |   104 |   146 |    39 ||   467
         Repelled          |       |       |       |     3 |     3 ||     6
  Block: Kite shield       |       |    83 |   273 |   981 |   159 ||  1496
